 Dungeon Crawl Stone Soup version 0.19.1 (webtiles) character file.

7290 blawa the Grappler (level 10, 0/110 HPs)
             Began as a Troll Monk on Nov 25, 2016.
             Was a High Priest of Kikubaaqudgha.
             Shot with an arrow by a centaur (11 damage)
             ... on level 11 of the Dungeon on Nov 26, 2016.
             The game lasted 02:31:28 (8054 turns).

blawa the Grappler (Troll Monk)                     Turns: 8054, Time: 02:31:29

Health: 0/110      AC:  8    Str: 21    XL:     10   Next: 89%
Magic:  9/9        EV: 11    Int:  6    God:    Kikubaaqudgha [*****.]
Gold:   648        SH:  0    Dex: 15    Spells: 0 memorised, 9 levels left

rFire  x . .     SeeInvis +       - Unarmed
rCold  + . .     Gourm    +     a - +0 robe
rNeg   . . .     Faith    .     (no shield)
rPois  .         Spirit   .     S - +2 hat
rElec  .         Reflect  .     D - +0 cloak
rCorr  .         Harm     .     (gloves unavailable)
MR     .....                    (boots unavailable)
Stlth  ++........               Q - amulet of rage
                                q - ring of see invisible
                                P - ring of ice

@: about to teleport
A: unfitting armour, claws 3, fast metabolism 3, gourmand, regeneration 1,
shaggy fur 1, tough skin 2
a: Receive Corpses, Torment, Renounce Religion, Evoke Berserk Rage


You were on level 11 of the Dungeon.
You worshipped Kikubaaqudgha.
Kikubaaqudgha was extremely pleased with you.
You were completely stuffed.

You visited 1 branch of the dungeon, and saw 11 of its levels.

You collected 648 gold pieces.

Inventory:

Hand Weapons
 f - a +1 hand axe of chopping
 C - a +4 quarterstaff of chaos
 V - a +4 dire flail of holy wrath
Missiles
 d - 5 curare-tipped needles
 g - 89 poisoned needles (quivered)
Armour
 a - a +0 robe (worn)
 D - a +0 cloak (worn)
 S - a +2 hat (worn)
Jewellery
 q - a ring of see invisible (right claw)
 y - an uncursed ring of magical power
 P - a ring of ice (left claw)
 Q - an amulet of rage (around neck)
Wands
 v - a wand of iceblast (8/15)
 w - a wand of acid (5/15)
 E - a wand of disintegration (1/24)
 H - a wand of heal wounds (0/9)
 R - a wand of digging (8/24)
Scrolls
 c - 3 scrolls of enchant armour
 k - 7 scrolls of teleportation
 m - 2 scrolls of recharging
 n - a scroll of blinking {unknown}
 p - 3 scrolls of magic mapping
 t - 2 scrolls of remove curse
 B - a scroll of immolation
 K - a scroll of amnesia {unknown}
 N - 2 scrolls of fog
 O - a scroll of fear {unknown}
 T - a scroll of torment {unknown}
 Y - a scroll of summoning {unknown}
Potions
 e - 2 potions of haste {unknown}
 i - 2 potions of might {unknown}
 l - a potion of agility {unknown}
 o - a potion of berserk rage {unknown}
 r - 4 potions of curing
 x - 2 potions of heal wounds
 A - 2 potions of mutation {unknown}
 F - a potion of flight {unknown}
 I - 2 potions of brilliance {unknown}
 M - a potion of ambrosia {unknown}
Books
 h - Kikubaaqudgha's Almanac of Stolen Souls
   (Kikubaaqudgha gifted it to you on level 4 of the Dungeon)

   Spells                             Type                      Level
   a - Pain                           Necromancy                   1
   b - Corpse Rot                     Necromancy                   2
   c - Sublimation of Blood           Necromancy                   2
   d - Regeneration                   Charms/Necromancy            3
   e - Control Undead                 Necromancy                   4
 z - Kikubaaqudgha's Disquisition on Dark Rituals
   (Kikubaaqudgha gifted it to you on level 6 of the Dungeon)

   Spells                             Type                      Level
   a - Excruciating Wounds            Charms/Necromancy            5
   b - Bolt of Draining               Conjuration/Necromancy       5
   c - Agony                          Necromancy                   5
   d - Cigotuvi's Embrace             Necromancy                   5
   e - Dispel Undead                  Necromancy                   5
 U - a book of Minor Magic

   Spells                             Type                      Level
   a - Magic Dart                     Conjuration                  1
   b - Blink                          Translocation                2
   c - Call Imp                       Summoning                    2
   d - Repel Missiles                 Charms/Air                   2
   e - Slow                           Hexes                        2
   f - Conjure Flame                  Conjuration/Fire             3
   g - Mephitic Cloud                 Conjuration/Poison/Air       3
 X - a book of Alchemy

   Spells                             Type                      Level
   a - Sublimation of Blood           Necromancy                   2
   b - Ignite Poison                  Fire/Transmutation/Poison    3
   c - Petrify                        Transmutation/Earth          4
   d - Alistair's Intoxication        Transmutation/Poison         5
   e - Irradiate                      Conjuration/Transmutation    5
 Z - a book of Flames

   Spells                             Type                      Level
   a - Flame Tongue                   Conjuration/Fire             1
   b - Throw Flame                    Conjuration/Fire             2
   c - Conjure Flame                  Conjuration/Fire             3
   d - Inner Flame                    Hexes/Fire                   3
   e - Sticky Flame                   Conjuration/Fire             4
   f - Fireball                       Conjuration/Fire             5
Comestibles
 b - 12 bread rations
 j - 8 chunks of flesh
 s - 8 meat rations
 u - 4 slices of pizza
 G - 3 beef jerkies
 J - 2 royal jellies


   Skills:
 * Level 10.3 Fighting
 - Level 3.0 Dodging
 - Level 1.0 Stealth
 * Level 11.9 Unarmed Combat


You had 9 spell levels left.
You didn't know any spells.

Dungeon Overview and Level Annotations

Branches:
Dungeon (11/15)            Temple (0/1) D:4            Lair (0/6) D:8
    Orc (0/2) D:9

Altars:
Dithmenos
Fedhas
Hepliaklqana
Kikubaaqudgha
Makhleb
Nemelex Xobeh
Okawaru
Uskayaw
Xom
Yredelemnul
The Shining One


Innate Abilities, Weirdness & Mutations

You are too large for most types of armour.
You have claws for hands.
Your metabolism is lightning-fast.
You like to eat raw meat.
Your natural rate of healing is unusually fast.
You are covered in fur. (AC +1)
You have very tough skin. (AC +2)


Message History

* * * LOW HITPOINT WARNING * * *
You see here an arrow.
The centaur wields a shortbow.
The centaur shoots an arrow.
The arrow closely misses you.
The troll shouts!
The centaur unwields an uncursed shortbow.
The centaur completely misses you.
As you read the scroll of teleportation, it crumbles to dust.
You feel strangely unstable.
The centaur hits you but does no damage. x2
You feel much better. The centaur hits you.
The hill giant hits you with a giant club!!
* * * LOW HITPOINT WARNING * * *
Unknown command.
The troll bites you.
* * * LOW HITPOINT WARNING * * *
The troll closely misses you. The troll barely misses you.
The centaur shoots an arrow.
The arrow hits you!
You die...
Kikubaaqudgha rasps: "You have failed me!
Welcome... death!"

#.#........ #.......
.####......###....... ##
#.............# #
##...........(.# . ##
#.#....).......###..
.#####....).............
#.#..#......((..........
.#.#.......(##Cc..........$.
..#.#........#..@..........
...........ccc#T.:.%......##
...........#..#............##
..........c#.###..........#.#
..........c.## ##...........#
#..........## #.#.........
##....#..#..# ####..(.......
##..####...####..c#.(.......
##.# #...#c.#(.(((.........


You could see a hill giant, a troll and 4 centaurs.

Vanquished Creatures
  An ugly thing (D:10)
  A troll (D:9)
  2 two-headed ogres
  A spriggan (D:10)
  2 wyverns
  3 yaks
  2 hungry ghosts
  Menkaure (D:5)
  Edmund (D:5)
  2 porcupines (D:8)
  9 ice beasts (D:10)
  A black bear (D:10)
  4 orc warriors
  A hornet zombie (D:10)
  4 sky beasts
  An eye of draining (D:10)
  3 phantoms
  3 centaurs
  3 ogres
  2 crocodiles
  A big kobold (D:10)
  2 bullfrogs (D:11)
  A wyvern zombie (D:8)
  6 scorpions
  2 howler monkeys
  2 crimson imps
  A quasit (D:7)
  3 orc priests
  2 bullfrog zombies (D:11)
  2 hounds
  2 jellies
  A gnoll shaman (D:5)
  Crazy Yiuf (D:3)
  3 bullfrog skeletons
  5 orc wizards
  2 centaur skeletons
  Jessica (D:2)
  11 iguanas
  A worker ant (D:7)
  2 hound skeletons
  4 gnolls (D:5)
  A howler monkey skeleton (D:6)
  8 adders
  4 river rats (D:8)
  An adder zombie (D:7)
  An ooze (D:1)
  2 adder skeletons (D:4)
  3 dart slugs
  7 leopard geckos
  26 orcs
  2 ball pythons
  4 giant cockroaches
  13 goblins
  7 hobgoblins
  8 jackals
  14 kobolds
  5 quokkas
  6 bats
  4 frilled lizards
  3 rats
221 creatures vanquished.

Vanquished Creatures (others)
  An orc (D:8)
1 creature vanquished.

Grand Total: 222 creatures vanquished

Notes
Turn   | Place    | Note
-------+----------+-------------------------------------------
     0 | D:1      | blawa the Troll Monk began the quest for the Orb.
     0 | D:1      | Reached XP level 1. HP: 22/22 MP: 0/0
   229 | D:1      | Reached XP level 2. HP: 29/29 MP: 1/1
   806 | D:2      | Reached XP level 3. HP: 36/36 MP: 2/2
   958 | D:2      | Noticed Jessica
   967 | D:2      | Killed Jessica
  1025 | D:2      | Reached XP level 4. HP: 45/45 MP: 3/3
  1084 | D:2      | Found a basalt altar of Yredelemnul.
  1089 | D:2      | Found a glowing golden altar of the Shining One.
  1091 | D:2      | Noticed an angel
  1541 | D:3      | Found a hide-covered altar of Uskayaw.
  1889 | D:3      | Found a runed door.
  1893 | D:3      | Noticed Crazy Yiuf
  1897 | D:3      | Killed Crazy Yiuf
  1994 | D:3      | Reached skill level 4 in Unarmed Combat
  2140 | D:4      | Found a sparkling altar of Nemelex Xobeh.
  2140 | D:4      | Found an iron altar of Okawaru.
  2145 | D:4      | Found a hazy altar of Hepliaklqana.
  2147 | D:4      | Found an ancient bone altar of Kikubaaqudgha.
  2149 | D:4      | Found a burning altar of Makhleb.
  2155 | D:4      | Became a worshipper of Kikubaaqudgha
  2155 | D:4      | Reached * piety under Kikubaaqudgha
  2155 | D:4      | Identified Kikubaaqudgha's Almanac of Stolen Souls (Kikubaaqudgha gifted it to you on level 4 of the Dungeon)
  2155 | D:4      | Received a gift from Kikubaaqudgha
  2155 | D:4      | Reached ** piety under Kikubaaqudgha
  2257 | D:4      | Reached XP level 5. HP: 53/53 MP: 4/4
  2585 | D:4      | Noticed an ogre
  2591 | D:4      | Killed an ogre
  2591 | D:4      | Reached XP level 6. HP: 57/62 MP: 5/5
  2605 | D:4      | Found a staircase to the Ecumenical Temple.
  2760 | D:5      | Entered Level 5 of the Dungeon
  2832 | D:5      | Found a shadowy altar of Dithmenos.
  2876 | D:5      | Reached skill level 5 in Unarmed Combat
  2944 | D:5      | Noticed Edmund
  3040 | D:5      | Noticed Menkaure
  3056 | D:5      | Killed Menkaure
  3056 | D:5      | Reached skill level 5 in Fighting
  3056 | D:5      | Reached XP level 7. HP: 31/72 MP: 6/6
  3102 | D:5      | Reached skill level 6 in Unarmed Combat
  3149 | D:5      | Killed Edmund
  3568 | D:6      | Reached skill level 7 in Unarmed Combat
  3568 | D:6      | Reached XP level 8. HP: 63/83 MP: 7/7
  3571 | D:6      | Found a shimmering altar of Xom.
  3661 | D:6      | Found a blossoming altar of Fedhas.
  3892 | D:6      | Reached *** piety under Kikubaaqudgha
  3892 | D:6      | Identified Kikubaaqudgha's Disquisition on Dark Rituals (Kikubaaqudgha gifted it to you on level 6 of the Dungeon)
  3892 | D:6      | Received a gift from Kikubaaqudgha
  4866 | D:7      | Found a flagged portal.
  4882 | D:7      | Reached skill level 8 in Unarmed Combat
  5170 | D:8      | Reached XP level 9. HP: 53/93 MP: 8/8
  5320 | D:8      | Found a staircase to the Lair.
  5375 | D:8      | Reached **** piety under Kikubaaqudgha
  5375 | D:8      | Reached skill level 9 in Unarmed Combat
  5785 | D:9      | Found a staircase to the Orcish Mines.
  6080 | D:9      | Noticed a troll
  6093 | D:9      | Killed a troll
  6187 | D:10     | Entered Level 10 of the Dungeon
  6221 | D:10     | Reached skill level 10 in Unarmed Combat
  6422 | D:10     | Noticed a red ugly thing
  6430 | D:10     | Reached XP level 10. HP: 95/107 MP: 9/9
  6444 | D:10     | Killed a red ugly thing
  7098 | D:10     | Reached skill level 11 in Unarmed Combat
  7268 | D:11     | Found a frozen archway.
  7271 | D:11     | Reached ***** piety under Kikubaaqudgha
  7662 | D:11     | Reached skill level 10 in Fighting
  8026 | D:11     | Noticed a hill giant
  8054 | D:11     | Shot with an arrow by a centaur

Skill      XL: |  1  2  3  4  5  6  7  8  9 10 |
---------------+-------------------------------+-----
Dodging        | 3 |  3.0
Fighting       | 3 4 5 6 7 9 10 | 10.3
Unarmed Combat | 4 5 7 8 10 11 | 11.9
Stealth        | |  1.0

Action                   |  1- 3 |  4- 6 |  7- 9 | 10-12 || total
-------------------------+-------+-------+-------+-------++-------
Melee: Unarmed           |    86 |    99 |   328 |   170 ||   683
       Punch             |       |     1 |    10 |    14 ||    25
Evoke: Wand              |       |       |     1 |     1 ||     2
  Use: Scroll            |       |     5 |     8 |     5 ||    18
       Potion            |       |       |       |     3 ||     3
 Stab: Sleeping          |       |     1 |       |     1 ||     2
       Distracted        |       |       |       |     1 ||     1
  Eat: Chunk             |    12 |    21 |    39 |    20 ||    92
Armor: Robe              |    39 |    18 |    92 |    54 ||   203
Dodge: Dodged            |    50 |    41 |   126 |   120 ||   337
